 Dungeon Crawl Stone Soup version 0.28.0-45-g0d030f2227 (webtiles) character file.

Game seed: 16072401366425292830

26319 croobank the Blocker (level 13, -4/86 (104) HPs)
             Began as a Gnoll Fighter on Apr 15, 2022.
             Was a High Priest of Okawaru.
             Slain by a catoblepas (13 damage)
             ... on level 2 of the Lair of Beasts.
             The game lasted 01:05:53 (18825 turns).

croobank the Blocker (Gnoll Fighter)               Turns: 18825, Time: 01:05:54

HP:   -4/86 (104)   AC: 22    Str: 27    XL:     13   Next: 25%
MP:   23/25         EV: 17    Int:  7    God:    Okawaru [*****.]
Gold: 619           SH:  0    Dex: 20    Spells: 21/28 levels left

rFire   . . .      SeeInvis .   p - +8 whip "Glorpo" {venom, Drain rPois rCorr Dex+2}
rCold   . . .      Faith    .   (no shield)
rNeg    . . .      Spirit   .   f - +5 chain mail
rPois   +          Reflect  .   (no helmet)
rElec   .          Harm     .   (no cloak)
rCorr   +          Rampage  .   q - +0 pair of gloves
Will    .....                   G - +0 pair of boots {Stlth+}
Stlth   ++++......              v - amulet of the acrobat
HPRegen 0.24/turn               S - +6 ring of dexterity
MPRegen 0.19/turn               F - +6 ring of strength

@: heroic, heavily drained
A: fangs 1, strong nose, distributed training
a: Renounce Religion, Heroism, Finesse, Duel


You were on level 2 of the Lair of Beasts.
You worshipped Okawaru.
Okawaru was extremely pleased with you.
You visited 3 branches of the dungeon, and saw 14 of its levels.

You collected 1099 gold pieces.
You spent 480 gold pieces at shops.

Inventory:

Hand Weapons
 a - a +1 war axe
 b - a +0 hunting sling
 d - a +3 battleaxe of freezing
 k - a +0 antimagic hand axe
 l - a +1 vampiric dagger
 p - the +8 whip "Glorpo" (weapon) {venom, Drain rPois rCorr Dex+2}
   (You found it on level 8 of the Dungeon)

   It poisons the flesh of those it strikes.
   Dex:       It affects your dexterity (+2).
   rPois:     It protects you from poison.
   rCorr:     It protects you from acid and corrosion.
   Drain:     It drains your maximum health when unequipped.
 r - a +4 flail of holy wrath
 w - a +3 trident
 y - the +5 dagger of Fate {elec, rC+ rN+}
   (You found it on level 4 of the Dungeon)

   It occasionally discharges a powerful burst of electricity upon striking a
   foe.
   rC:        It protects you from cold.
   rN:        It protects you from negative energy.
 B - a +0 dire flail
 D - the +8 hand crossbow of Wariness {flame, Contam rElec rF++ Str+4}
   (Okawaru gifted it to you on level 2 of the Lair of Beasts)

   Any ammunition fired from it burns those it strikes, dealing additional fire
   damage.
   Str:       It affects your strength (+4).
   rF:        It greatly protects you from fire.
   rElec:     It insulates you from electricity.
   Contam:    It causes magical contamination when unequipped.
 J - a +2 long sword of electrocution
 L - a +0 great mace
 M - a +2 scimitar of flaming
 P - a +1 vorpal shortbow
Missiles
 h - 437 stones (quivered)
 i - 181 arrows
 j - 3 throwing nets
 n - 15 poisoned darts
 o - 128 sling bullets
 t - 92 bolts
 u - 6 silver javelins
 K - 7 boomerangs
Armour
 f - a +5 chain mail (worn)
 q - a +0 pair of gloves (worn)
 G - a +0 pair of boots of stealth (worn)
 I - the +3 kite shield "Zikouq" {Rampage Drain rC+ Stlth+}
   (You acquired it on level 9 of the Dungeon)

   rC:        It protects you from cold.
   Drain:     It drains your maximum health when unequipped.
   Rampage:   It bestows one free step when moving towards enemies.
   Stlth:     It makes you more stealthy.
 T - the +1 plate armour of the Souls {-Tele Str-3 Int+4 Slay+5}
   (Okawaru gifted it to you on level 2 of the Lair of Beasts)

   Str:       It affects your strength (-3).
   Int:       It affects your intelligence (+4).
   Slay:      It affects your accuracy & damage with ranged weapons and melee
   (+5).
   -Tele:     It prevents most forms of teleportation.
Jewellery
 e - a ring of positive energy
 s - a ring of magical power
 v - an amulet of the acrobat (around neck)
 E - the amulet "Mure" {Spirit rF- Dex+7}
   (You bought it in a shop on level 7 of the Dungeon)

   [amulet of guardian spirit]

   It causes incoming damage to be divided between your reserves of health and
   magic.
   Dex:       It affects your dexterity (+7).
   rF:        It makes you vulnerable to fire.
 F - a +6 ring of strength (right hand)
 S - a +6 ring of dexterity (left hand)
Wands
 m - a wand of flame (19)
 C - a wand of iceblast (29)
Scrolls
 g - 2 scrolls of fog
 x - 3 scrolls of silence
 z - 3 scrolls of magic mapping
 A - a scroll of enchant weapon
 R - a scroll of holy word
 V - 2 scrolls of teleportation
Potions
 c - 3 potions of ambrosia {unknown}
 H - a potion of brilliance {unknown}
 O - a potion of resistance
 Q - 2 potions of lignification
 U - a potion of cancellation


   Skills:
 + Level 10.5(15.5) Fighting
 + Level 8.1(13.1) Short Blades
 + Level 8.1(13.1) Long Blades
 + Level 9.4(14.4) Axes
 + Level 8.1(13.1) Maces & Flails
 + Level 8.1(13.1) Polearms
 + Level 8.1(13.1) Staves
 + Level 8.1(13.1) Slings
 + Level 8.1(13.1) Bows
 + Level 8.1(13.1) Crossbows
 + Level 8.1(13.1) Throwing
 + Level 10.5(15.5) Armour
 + Level 8.1(13.1) Dodging
 + Level 8.1(13.1) Stealth
 + Level 10.5(15.5) Shields
 + Level 8.1(13.1) Unarmed Combat
 + Level 8.1 Spellcasting
 + Level 6.7 Conjurations
 + Level 6.7 Hexes
 + Level 6.7 Summonings
 + Level 6.7 Necromancy
 + Level 6.7 Translocations
 + Level 6.7 Transmutations
 + Level 6.7 Fire Magic
 + Level 6.7 Ice Magic
 + Level 6.7 Air Magic
 + Level 6.7 Earth Magic
 + Level 6.7 Poison Magic
 + Level 8.9 Invocations
 + Level 8.1 Evocations


You had 21 spell levels left.
You knew the following spells:

 Your Spells              Type           Power      Damage    Failure   Level
a - Shock                 Conj/Air       48%        1d6       4%          1
b - Swiftness             Air            12%        N/A       14%         3
c - Foxfire               Conj/Fire      48%        2x1d6     4%          1
d - Corpse Rot            Necr/Air       24%        N/A       7%          2

Your spell library contained the following spells:

 Spells                   Type           Power      Damage    Failure   Level
 Poisonous Vapours        Pois/Air       24%        N/A       7%          2
 Conjure Flame            Conj/Fire      12%        6-21      14%         3
 Gell's Gravitas          Tloc           12%        N/A       14%         3
 Inner Flame              Hex/Fire       12%        N/A       14%         3
 Lesser Beckoning         Tloc           12%        N/A       14%         3
 Teleport Other           Tloc           12%        N/A       14%         3
 Airstrike                Air            6%         N/A       41%         4
 Flame Wave               Conj/Fire      12%        2d6       41%         4
 Fireball                 Conj/Fire      6%         3d5       77%         5
 Conjure Ball Lightning   Conj/Air       6%         3x3d6     100%        6
 Starburst                Conj/Fire      6%         6d4       100%        6
 Discord                  Hex            6%         N/A       100%        8
 Disjunction              Tloc           6%         N/A       100%        8
 Ignition                 Fire           6%         3d4       100%        8


Dungeon Overview and Level Annotations

Branches:
Dungeon (11/15)            Temple (1/1) D:5            Lair (2/6) D:9
    Orc (0/2) D:11
  Swamp: Lair:2-4    Shoals: Lair:2-4     Snake: Lair:2-4    Spider: Lair:2-4

Altars:
Ashenzari
Cheibriados
Dithmenos
Elyvilon
Fedhas
Gozag
Hepliaklqana
Kikubaaqudgha
Makhleb
Nemelex Xobeh
Okawaru
Qazlal
Ru
Sif Muna
Trog
Uskayaw
Vehumet
Wu Jian
Xom
Yredelemnul
Zin
The Shining One
Beogh

Shops:
D:3 :   D:7 [**

Portals:
Abyss: Lair:1

Annotations:
D:5 3 runed translucent doors, NinjaNoafa's ghost, novice GnWn
Lair:1 2 transporters, exclusion: oklob plant, Lamak's ghost, novice TrBe


Innate Abilities, Weirdness & Mutations

You have very sharp teeth.
Your uncanny sense of smell can sniff out nearby items.
Your experience applies equally to all skills.


Message History

Aiming: Corrosive Bolt
Press: ? - help, Shift-Dir - straight line, f/p - catoblepas
Aim: a catoblepas (lightly wounded, 100% to hit)
The bolt of acid hits the catoblepas.
The acid corrodes the catoblepas!
The catoblepas is lightly wounded.
The now-empty wand crumbles to dust.
Aiming: Throw Flame
Press: ? - help, Shift-Dir - straight line, f/p - catoblepas
Aim: a catoblepas (lightly wounded, covered in acid, 100% to hit)
The puff of flame hits the catoblepas!
The catoblepas is moderately wounded.
The catoblepas gores you!!
You whack the catoblepas!
The catoblepas is moderately wounded.
The catoblepas gores you!!
You hit the catoblepas.
The catoblepas is poisoned.
You bite the catoblepas, but do no damage.
The catoblepas is moderately wounded.
You hit the catoblepas.
The catoblepas looks as sick as possible!
The catoblepas is moderately wounded.
The catoblepas gores you but does no damage.
You hit the catoblepas. You bite the catoblepas.
The catoblepas is heavily wounded.
The catoblepas barely misses you.
You hit the catoblepas.
The catoblepas is heavily wounded.
You completely miss the catoblepas. You bite the catoblepas.
The catoblepas is heavily wounded.
The catoblepas gores you!
* * * LOW HITPOINT WARNING * * *
You whack the catoblepas!
You bite the catoblepas, but do no damage.
The catoblepas is severely wounded.
The catoblepas gores you!
* * * LOW HITPOINT WARNING * * *
Okay, then.
You gain the combat prowess of a mighty hero.
The catoblepas gores you!
You die...

### # P... # ..... #####
### ## .....##
#.#.####.### ##.
.......##..#..#....###..
..........##.........#..
......Y@................
........................
......................>.
.?......................
........................
........................
##......................
#......................
.........#........


You could see a catoblepas (very poisoned, corroded).

Vanquished Creatures
  Snorg (D:11)
  Harold (D:11)
  A boulder beetle (D:8)
  2 hydras (Lair:1)
  3 two-headed ogres
  2 ugly things
  A cyclops (D:11)
  2 manticores (D:11)
  2 black mambas
  A gargoyle (D:10)
  2 cane toads
  3 kobold demonologists (D:9)
  Psyche (D:9)
  7 komodo dragons (Lair:2)
  3 trolls
  Prince Ribbit (D:9)
  A hornet (D:9)
  5 blink frogs
  3 wyverns
  A shadow (D:10)
  33 yaks
  A basilisk (Lair:1)
  Grum (D:9)
  7 water moccasins
  2 ice beasts
  7 orc warriors
  2 hornet zombies
  2 black bears
  5 ogres
  19 wolves
  A necrophage (D:5)
  7 centaurs
  2 kobold brigands
  A wyvern zombie (D:8)
  10 bullfrogs
  A gnoll sergeant (D:8)
  3 scorpions
  A water moccasin zombie (D:5)
  17 killer bees
  8 wights
  3 howler monkeys (D:8)
  A centaur zombie (D:7)
  2 orc priests
  A bullfrog skeleton (D:6)
  A centaur skeleton (D:4)
  A jelly (D:5)
  3 iguanas
  6 orc wizards
  A hound zombie (D:5)
  2 hound skeletons
  2 howler monkey skeletons
  21 gnolls
  6 adders
  An adder zombie (D:5)
  2 worms
  3 dart slugs
  46 orcs
  9 ball pythons
  3 bats
  6 endoplasms
  6 giant cockroaches
  14 goblins
  4 hobgoblins
  3 jackals
  18 kobolds
  3 quokkas
  6 frilled lizards
  5 rats
352 creatures vanquished.

Vanquished Creatures (others)
  A killer bee (D:9)
  3 orcs (D:9)
  A kobold (D:9)
  2 foxfires (Lair:1)
  12 fungi
  10 plants
29 creatures vanquished.

Grand Total: 381 creatures vanquished

Notes
Turn   | Place    | Note
-------+----------+-------------------------------------------
     0 | D:1      | croobank the Gnoll Fighter began the quest for the Orb.
     0 | D:1      | Reached XP level 1. HP: 23/23 MP: 1/1
    44 | D:1      | Reached XP level 2. HP: 23/29 MP: 2/2
   433 | D:1      | Reached XP level 3. HP: 35/35 MP: 3/3
   799 | D:2      | Reached skill level 1 in Invocations
   837 | D:2      | Reached skill level 1 in Short Blades
   837 | D:2      | Reached skill level 1 in Long Blades
   837 | D:2      | Reached skill level 1 in Maces & Flails
   837 | D:2      | Reached skill level 1 in Polearms
   837 | D:2      | Reached skill level 1 in Staves
   837 | D:2      | Reached skill level 1 in Slings
   837 | D:2      | Reached skill level 1 in Bows
   837 | D:2      | Reached skill level 1 in Crossbows
   837 | D:2      | Reached skill level 1 in Throwing
   837 | D:2      | Reached skill level 1 in Dodging
   837 | D:2      | Reached skill level 1 in Stealth
   837 | D:2      | Reached skill level 1 in Unarmed Combat
   837 | D:2      | Reached skill level 1 in Spellcasting
   837 | D:2      | Reached skill level 1 in Evocations
   837 | D:2      | Reached XP level 4. HP: 25/41 MP: 5/5
  1405 | D:2      | Found a faded altar of an unknown god.
  1519 | D:2      | Reached skill level 1 in Conjurations
  1519 | D:2      | Reached skill level 1 in Hexes
  1519 | D:2      | Reached skill level 1 in Summonings
  1519 | D:2      | Reached skill level 1 in Necromancy
  1519 | D:2      | Reached skill level 1 in Translocations
  1519 | D:2      | Reached skill level 1 in Transmutations
  1519 | D:2      | Reached skill level 1 in Fire Magic
  1519 | D:2      | Reached skill level 1 in Ice Magic
  1519 | D:2      | Reached skill level 1 in Air Magic
  1519 | D:2      | Reached skill level 1 in Earth Magic
  1519 | D:2      | Reached skill level 1 in Poison Magic
  1525 | D:2      | Reached XP level 5. HP: 22/47 MP: 6/6
  2464 | D:3      | Found an opulent altar of Gozag.
  2465 | D:3      | Found a glowing silver altar of Zin.
  2629 | D:3      | Found Gunk's Book Emporium.
  3460 | D:4      | Noticed an ogre
  3468 | D:4      | Killed an ogre
  3469 | D:4      | Reached XP level 6. HP: 26/53 MP: 8/8
  3672 | D:4      | Found a hide-covered altar of Uskayaw.
  3742 | D:4      | Learned a level 1 spell: Shock
  3764 | D:4      | Reached skill level 5 in Axes
  3807 | D:4      | Noticed an orc warrior
  3831 | D:4      | Killed an orc warrior
  3833 | D:4      | Reached XP level 7. HP: 41/59 MP: 10/10
  4180 | D:4      | Identified the +5 dagger of Fate {elec, rC+ rN+}
  5449 | D:5      | Entered Level 5 of the Dungeon
  5737 | D:5      | Found a staircase to the Ecumenical Temple.
  5762 | D:5      | Reached XP level 8. HP: 26/67 MP: 12/12
  5763 | Temple   | Entered the Ecumenical Temple
  6055 | Temple   | Became a worshipper of Warmaster Okawaru
  6132 | D:5      | Found a runed translucent gate.
  6132 | D:5      | Found a runed translucent gate.
  6133 | D:5      | Found a runed translucent gate.
  6134 | D:5      | Noticed NinjaNoafa's ghost (novice GnWn)
  6288 | D:5      | Learned a level 3 spell: Swiftness
  7201 | D:6      | Reached * piety under Okawaru
  7214 | D:6      | Found a sacrificial altar of Ru.
  7216 | D:6      | Found a stormy altar of Qazlal.
  7344 | D:7      | Found Nisao's Assorted Antiques.
  7351 | D:7      | Bought a scintillating iron amulet for 160 gold pieces
  7351 | D:7      | Identified the amulet "Mure" {Spirit rF- Dex+7} (You bought
                  | it in a shop on level 7 of the Dungeon)
  7351 | D:7      | Bought a scroll of identify for 64 gold pieces
  7351 | D:7      | Bought a scroll of identify for 64 gold pieces
  7455 | D:7      | Found Yngiv's Antique Armour Shop.
  7507 | D:7      | Reached XP level 9. HP: 35/72 MP: 14/14
  8013 | D:6      | Reached ** piety under Okawaru
  8762 | D:7      | Found Fats's General Store.
  9242 | D:8      | Reached skill level 5 in Invocations
  9757 | D:8      | HP: 3/74 [poisoned by a killer bee]
  9760 | D:7      | HP: 1/74 [poisoned by a killer bee]
 10201 | D:8      | Identified the +8 whip "Glorpo" {venom, Drain rPois rCorr
                  | Dex+2}
 10257 | D:8      | Reached XP level 10. HP: 78/80 MP: 17/17
 10307 | D:8      | Reached *** piety under Okawaru
 10321 | D:8      | Noticed a two-headed ogre
 10329 | D:8      | Killed a two-headed ogre
 10330 | D:8      | Reached skill level 5 in Short Blades
 10330 | D:8      | Reached skill level 5 in Long Blades
 10330 | D:8      | Reached skill level 5 in Maces & Flails
 10330 | D:8      | Reached skill level 5 in Polearms
 10330 | D:8      | Reached skill level 5 in Staves
 10330 | D:8      | Reached skill level 5 in Slings
 10330 | D:8      | Reached skill level 5 in Bows
 10330 | D:8      | Reached skill level 5 in Crossbows
 10330 | D:8      | Reached skill level 5 in Throwing
 10330 | D:8      | Reached skill level 5 in Dodging
 10330 | D:8      | Reached skill level 5 in Stealth
 10330 | D:8      | Reached skill level 5 in Unarmed Combat
 10330 | D:8      | Reached skill level 5 in Spellcasting
 10330 | D:8      | Reached skill level 5 in Evocations
 10967 | D:9      | Noticed a boulder beetle
 11093 | D:8      | Killed a boulder beetle
 11093 | D:8      | Reached **** piety under Okawaru
 11441 | D:9      | Identified the +1 ring mail of Evolution {rC+}
 11480 | D:9      | Noticed Prince Ribbit
 11480 | D:9      | Noticed a purple ugly thing
 11481 | D:9      | Noticed Psyche
 11487 | D:9      | Killed Prince Ribbit
 11504 | D:8      | Killed a purple ugly thing
 11665 | D:9      | Found a staircase to the Lair.
 11673 | D:9      | Noticed a kobold demonologist
 11680 | D:9      | Noticed a kobold demonologist
 11686 | D:9      | Noticed a kobold demonologist
 11693 | D:9      | Killed a kobold demonologist
 11693 | D:9      | Received a gift from Okawaru
 11701 | D:9      | Killed a kobold demonologist
 11701 | D:9      | Reached ***** piety under Okawaru
 11702 | D:9      | Reached XP level 11. HP: 84/87 MP: 19/19
 11702 | D:9      | Received a gift from Okawaru
 11726 | D:9      | Identified a scroll of acquirement
 11726 | D:9      | Acquired the +3 kite shield "Zikouq" {Rampage Drain rC+
                  | Stlth+}
 11861 | D:9      | Reached skill level 5 in Conjurations
 11861 | D:9      | Reached skill level 5 in Hexes
 11861 | D:9      | Reached skill level 5 in Summonings
 11861 | D:9      | Reached skill level 5 in Necromancy
 11861 | D:9      | Reached skill level 5 in Translocations
 11861 | D:9      | Reached skill level 5 in Transmutations
 11861 | D:9      | Reached skill level 5 in Fire Magic
 11861 | D:9      | Reached skill level 5 in Ice Magic
 11861 | D:9      | Reached skill level 5 in Air Magic
 11861 | D:9      | Reached skill level 5 in Earth Magic
 11861 | D:9      | Reached skill level 5 in Poison Magic
 11951 | D:9      | Killed Psyche
 11968 | D:9      | Identified the +0 ring mail of Qioxaet {rPois Regen+ Int+4
                  | Dex+5}
 11990 | D:9      | Noticed Grum
 12012 | D:9      | Killed Grum
 12133 | D:9      | Received a gift from Okawaru
 12350 | D:10     | Entered Level 10 of the Dungeon
 12391 | D:10     | Found a shadowy altar of Dithmenos.
 13578 | D:11     | Noticed a two-headed ogre
 13588 | D:11     | Killed a two-headed ogre
 13636 | D:11     | Noticed Harold
 13636 | D:11     | Noticed a manticore
 13655 | D:11     | Killed Harold
 13661 | D:11     | Killed a manticore
 13661 | D:11     | Received a gift from Okawaru
 13997 | D:11     | Found a staircase to the Orcish Mines.
 14012 | D:11     | Reached XP level 12. HP: 89/96 MP: 22/22
 14086 | D:11     | Noticed a two-headed ogre
 14096 | D:11     | Killed a two-headed ogre
 14355 | D:11     | Identified the +2 ring mail of Xom's Vengeance {Harm rF+}
 14715 | D:11     | Noticed Snorg
 14729 | D:11     | Killed Snorg
 14791 | Lair:1   | Entered Level 1 of the Lair of Beasts
 15378 | Lair:1   | Reached skill level 10 in Fighting
 15378 | Lair:1   | Reached skill level 10 in Armour
 15378 | Lair:1   | Reached skill level 10 in Shields
 15689 | Lair:1   | Noticed a five-headed hydra
 15691 | Lair:1   | Found a transporter.
 15700 | Lair:1   | Killed a five-headed hydra
 15998 | Lair:1   | Found a transporter.
 16006 | Lair:1   | Learned a level 1 spell: Foxfire
 16011 | Lair:1   | Found a one-way gate to the infinite horrors of the Abyss.
 16011 | Lair:1   | Noticed Lamak's ghost (novice TrBe)
 16015 | Lair:1   | Noticed a wretched star
 16260 | Lair:1   | Noticed a hell hog
 16345 | Lair:2   | Identified the +8 hand crossbow of Wariness {flame, Contam
                  | rElec rF++ Str+4} (Okawaru gifted it to you on level 2 of
                  | the Lair of Beasts)
 16345 | Lair:2   | Received a gift from Okawaru
 16393 | Lair:2   | HP: 3/97 [wyvern (12)]
 16681 | Lair:2   | Noticed a seven-headed hydra
 16968 | Lair:1   | Killed a seven-headed hydra
 16969 | Lair:1   | Reached XP level 13. HP: 19/103 MP: 24/24
 17556 | Lair:2   | Learned a level 2 spell: Corpse Rot
 17643 | Lair:2   | Received a gift from Okawaru
 18039 | Lair:2   | Identified the +1 plate armour of the Souls {-Tele Str-3
                  | Int+4 Slay+5} (Okawaru gifted it to you on level 2 of the
                  | Lair of Beasts)
 18039 | Lair:2   | Received a gift from Okawaru
 18378 | D:7      | Bought a scroll of teleportation for 96 gold pieces
 18378 | D:7      | Bought a scroll of teleportation for 96 gold pieces
 18825 | Lair:2   | Slain by a catoblepas

Illustrated notes

Levels and vault maps discovered:
D:1:      minmay_arrival_three_doors, layout_basic, minmay_misc_feat_rows,
          minmay_three_crescents
D:2:      layout_loops_corners, hellmonk_ecumenical_altar_leap_of_faith
D:3:      layout_rooms, grunt_temple_overflow_gold_and_silver, serial_shops,
          nicolae_lakefront_shop
D:4:      layout_gridville, mainiacjoe_overflow_tiny_flanked
D:5:      layout_basic, minmay_temple_entry_junction_2, gammafunk_ghost_split,
          minmay_crystal_water
D:6:      minmay_spotlight, layout_rooms, jmf_multi_god_temple
D:7:      layout_loops_ring, serial_shops, nicolae_inconvenience_store, shop,
          nicolae_shop_crystal, lightli_bailey_entry_fortress
D:8:      layout_rooms
D:9:      layout_roguey [special_room_orc], dpeg_oklobed_lair,
          uniq_prince_ribbit1, uniq_grum, uniq_psyche
D:10:     layout_basic, amcnicky_altar_gilded
D:11:     layout_grid_maze, orc_0_dummy, uniq_snorg, uniq_harold
Temple:   nicolae_temple_elliptical
Lair:1:   minmay_lair_oklob_chamber, layout_long_grid,
          gammafunk_ghost_abyssal_escape
Lair:2:   layout_cave_shapes, st_stairs_4, beast_lair_carwin_1

Skill      XL: |  1  2  3  4  5  6  7  8  9 10 11 12 13 |
---------------+----------------------------------------+-----
Invocations    | 1 2 3 4 5 6 7 8 |  8.9
Short Blades   | 1 2 3 4 5 6 7 8 |  8.1
Long Blades    | 1 2 3 4 5 6 7 8 |  8.1
Maces & Flails | 1 2 3 4 5 6 7 8 |  8.1
Polearms       | 1 2 3 4 5 6 7 8 |  8.1
Staves         | 1 2 3 4 5 6 7 8 |  8.1
Slings         | 1 2 3 4 5 6 7 8 |  8.1
Bows           | 1 2 3 4 5 6 7 8 |  8.1
Crossbows      | 1 2 3 4 5 6 7 8 |  8.1
Throwing       | 1 2 3 4 5 6 7 8 |  8.1
Dodging        | 1 2 3 4 5 6 7 8 |  8.1
Stealth        | 1 2 3 4 5 6 7 8 |  8.1
Unarmed Combat | 1 2 3 4 5 6 7 8 |  8.1
Spellcasting   | 1 2 3 4 5 6 7 8 |  8.1
Evocations     | 1 2 3 4 5 6 7 8 |  8.1
Conjurations   | 1 2 3 4 5 6 |  6.7
Hexes          | 1 2 3 4 5 6 |  6.7
Summonings     | 1 2 3 4 5 6 |  6.7
Necromancy     | 1 2 3 4 5 6 |  6.7
Translocations | 1 2 3 4 5 6 |  6.7
Transmutations | 1 2 3 4 5 6 |  6.7
Fire Magic     | 1 2 3 4 5 6 |  6.7
Ice Magic      | 1 2 3 4 5 6 |  6.7
Air Magic      | 1 2 3 4 5 6 |  6.7
Earth Magic    | 1 2 3 4 5 6 |  6.7
Poison Magic   | 1 2 3 4 5 6 |  6.7
Axes           | 5 6 7 8 9 |  9.4
Fighting       | 7 8 9 10 | 10.5
Armour         | 7 8 9 10 | 10.5
Shields        | 7 8 9 10 | 10.5

Action                   |  1- 3 |  4- 6 |  7- 9 | 10-12 | 13-15 || total
-------------------------+-------+-------+-------+-------+-------++-------
Melee: War axe           |    69 |   139 |   210 |       |       ||   418
       Bite              |     2 |    15 |    37 |    97 |    24 ||   175
       Flail             |       |       |   180 |     3 |     3 ||   186
       Whip              |       |       |    15 |   688 |   106 ||   809
       Dagger            |       |       |    11 |     9 |       ||    20
       Battleaxe         |       |       |       |       |    17 ||    17
       Punch             |       |       |       |       |     4 ||     4
Throw: Dart              |       |     4 |       |     2 |       ||     6
       Stone             |       |     1 |       |       |       ||     1
 Cast: Shock             |       |       |       |     1 |       ||     1
       Swiftness         |       |       |       |     1 |       ||     1
       Foxfire           |       |       |       |     1 |       ||     1
Invok: Heroism           |       |       |       |     3 |     2 ||     5
       Finesse           |       |       |       |     2 |       ||     2
Evoke: Wand              |       |       |     1 |     5 |     3 ||     9
  Use: Scroll            |       |     8 |    10 |    12 |     1 ||    31
       Potion            |       |     1 |    10 |     4 |       ||    15
 Stab: Invisible         |       |       |     1 |     6 |       ||     7
Armor: Scale mail        |    28 |    54 |    36 |       |       ||   118
       Skin              |       |       |    23 |       |       ||    23
       Chain mail        |       |       |   195 |   316 |    32 ||   543
Dodge: Dodged            |    39 |    77 |   255 |   317 |    50 ||   738
Block: Buckler           |    17 |    47 |   179 |    46 |       ||   289
       Kite shield       |       |       |       |   470 |    16 ||   486
